 Dungeon Crawl Stone Soup version 0.30-a0-4-ga7cffc901d (webtiles) character file.

Game seed: 11848119258032017307

994 Setbun the Slicer (level 8, -29/44 HPs)
             Began as a Kobold Brigand on Aug 21, 2022.
             Annihilated by a two-headed ogre
             ... wielding a +0 giant club
              (36 damage)
             ... on level 5 of the Dungeon.
             The game lasted 00:05:57 (5605 turns).

Setbun the Slicer (Kobold Brigand)                  Turns: 5605, Time: 00:05:58

Health: -29/44     AC:  6    Str:  9    XL:     8   Next: 42%
Magic:  8/8        EV: 14    Int: 15    God:
Gold:   319        SH:  0    Dex: 18    Spells: 7/7 levels left

rFire   . . .      SeeInvis .    l - +1 dagger (venom)
rCold   . . .      Faith    .    (no shield)
rNeg    . . .      Spirit   .    b - +0 robe
rPois   .          Reflect  .    h - +2 helmet {Int+3}
rElec   .          Harm     .    c - +0 cloak
rCorr   .          Rampage  .    (no gloves)
Will    .....                    (no boots)
Stlth   ++........               (no amulet)
HPRegen 0.14/turn                (no ring)
MPRegen 0.11/turn                (no ring)

@: very slow
A: small, no large weapons, nightstalker 3
a: no special abilities


You were on level 5 of the Dungeon.
You visited 1 branch of the dungeon, and saw 6 of its levels.

You collected 319 gold pieces.

Inventory:

Hand Weapons
 a - a +2 dagger
 l - a +1 dagger of venom (weapon)
Missiles
 d - 9 poisoned darts (quivered)
 e - 3 curare-tipped darts
 p - 3 throwing nets
 C - a datura-tipped dart
Armour
 b - a +0 robe (worn)
 c - a +0 cloak (worn)
 h - a +2 helmet of intelligence (worn)
 i - +0 pearl dragon scales
 x - a +2 hat
Jewellery
 u - a ring of see invisible
Scrolls
 f - 2 scrolls of identify {unknown}
 g - 4 scrolls of vulnerability {unknown}
 j - a scroll of summoning {unknown}
 k - 2 scrolls of enchant weapon {unknown}
 q - a scroll of noise {unknown}
 r - a scroll of magic mapping {unknown}
 s - a scroll of fear {unknown}
 y - a scroll of enchant armour {unknown}
 B - a scroll of blinking {unknown}
Potions
 m - a potion of cancellation {unknown}
 n - 5 potions of curing {unknown}
 o - 3 potions of ambrosia {unknown}
 t - a potion of brilliance {unknown}
 v - a potion of berserk rage {unknown}
 w - 3 potions of heal wounds {unknown}
 z - a potion of magic {unknown}
 A - a potion of attraction {unknown}


   Skills:
 - Level 2.1 Fighting
 - Level 12.0 Short Blades
 - Level 2.1 Throwing
 - Level 1.2 Dodging
 * Level 6.0 Stealth


You had 7 spell levels left.
You didn't know any spells.
Your spell library contained the following spells:

 Spells                   Type           Power      Damage    Failure   Level
 Slow                     Hex            0%         N/A       26%         1
 Confusing Touch          Hex            0%         N/A       63%         3
 Summon Guardian Golem    Hex/Summ       0%         N/A       63%         3
 Vampiric Draining        Necr           0%         2d6       63%         3
 Orb of Destruction       Conj           0%         9d5       100%        7
 Spellforged Servitor     Conj/Summ      0%         N/A       100%        7


Dungeon Overview and Level Annotations

Branches:
Dungeon (6/15)
 Temple: D:4-7

Altars:

Shops:
D:2 (   D:4 **   D:5 (


Innate Abilities, Weirdness & Mutations

You are small and have problems with some larger weapons.
You are completely attuned to the shadows.


Message History

You kill the water moccasin!
Training target 12.0 for Short Blades reached!
Your Short Blades skill increases to level 12!
You need to enable at least one skill for training.
Your Stealth skill increases to level 6!
You start resting.
You feel sick. x8
You are no longer poisoned.
You start resting.
HP restored.
You enter the shallow water.
Moving in this stuff is going to be slow.
You enter the shallow water.
Moving in this stuff is going to be slow.
You open the door.
Found a glowing wooden wand.
There is an open door here.
An electric eel is nearby!
An electric eel is nearby!
You enter the shallow water.
Moving in this stuff is going to be slow.
A two-headed ogre comes into view. It is wielding two +0 giant clubs.
The two-headed ogre shouts in stereo!
The two-headed ogre closely misses you.
The two-headed ogre hits you with a +0 giant club!
A two-headed ogre is nearby!
You enter the shallow water.
Moving in this stuff is going to be slow.
The two-headed ogre attacks as you move away!
The two-headed ogre closely misses you. x2
The two-headed ogre hits you but does no damage. x2
You enter the shallow water.
Moving in this stuff is going to be slow.
The two-headed ogre attacks as you move away!
The two-headed ogre closely misses you.
The two-headed ogre hits you with a +0 giant club!!
Ouch! That really hurt!
* * * LOW HITPOINT WARNING * * *
The two-headed ogre hits you with a +0 giant club!!!
Ouch! That really hurt!
You die...

...#.#SS~ #~##
#..#~##≈. #~~#
#..##~##########.##
#...##~##≈[/P..#..#
..#..#~#S≈?PP..'#.#
.....#.#S.~.....#~#
.....#.#S≈.~S...#~#
.....#.##≈~.P..##O#
.....##~########@##
....####~~~~....##
.#..##)##########
##†[.))#.
###).......
...#.......
...#.......
.).........
.........


You could see a two-headed ogre.

Vanquished Creatures
  A water moccasin (D:5)
  2 ogres
  2 phantoms
  A scorpion (D:5)
  A necrophage (D:5)
  An orc priest (D:5)
  A jelly (D:4)
  Natasha (thrice) (D:2)
  An iguana (D:4)
  2 orc wizards (D:5)
  Robin (D:3)
  4 gnolls (D:5)
  5 adders
  3 worms
  5 dart slugs
  19 orcs
  3 bats (D:2)
  7 endoplasms
  3 giant cockroaches
  7 hobgoblins
  12 jackals
  5 quokkas
  3 training dummies (D:5)
  12 ball pythons
  A frilled lizard (D:1)
  11 goblins
  4 kobolds
  8 rats
128 creatures vanquished.

Notes
Turn   | Place    | Note
-------+----------+-------------------------------------------
     0 | D:1      | Setbun the Kobold Brigand began the quest for the Orb.
     0 | D:1      | Reached XP level 1. HP: 12/12 MP: 1/1
   112 | D:1      | Reached skill level 3 in Short Blades
   360 | D:1      | Reached XP level 2. HP: 17/17 MP: 2/2
   507 | D:1      | Reached skill level 4 in Short Blades
   659 | D:1      | Reached XP level 3. HP: 21/21 MP: 3/3
   972 | D:1      | Found a faded altar of an unknown god.
  1272 | D:2      | Reached skill level 5 in Short Blades
  1515 | D:2      | Found Tuuzom's Antique Weapon Emporium.
  1773 | D:2      | Noticed Natasha
  1788 | D:2      | Killed Natasha
  1789 | D:2      | Reached XP level 4. HP: 11/26 MP: 4/4
  2016 | D:2      | Noticed Natasha
  2024 | D:2      | Killed Natasha
  2025 | D:2      | Reached skill level 6 in Short Blades
  2025 | D:2      | Reached XP level 5. HP: 25/30 MP: 5/5
  2560 | D:2      | Noticed Natasha
  2568 | D:2      | Killed Natasha
  2569 | D:2      | Reached skill level 7 in Short Blades
  3109 | D:3      | Noticed an ogre
  3113 | D:3      | Killed an ogre
  3114 | D:3      | Reached skill level 8 in Short Blades
  3114 | D:3      | Reached XP level 6. HP: 35/35 MP: 6/6
  3267 | D:3      | Noticed Robin
  3279 | D:3      | Killed Robin
  3558 | D:4      | Reached skill level 9 in Short Blades
  3558 | D:4      | Reached XP level 7. HP: 26/40 MP: 7/7
  3951 | D:4      | Found Qaonum's General Store.
  3966 | D:4      | Found Wyulyud's General Store.
  4391 | D:5      | Entered Level 5 of the Dungeon
  4403 | D:5      | Found Umpius's Firing Range.
  4498 | D:5      | Identified the +5 kite shield of the Kissing Gods {Fly
                  | rElec}
  4566 | D:5      | Reached skill level 10 in Short Blades
  5061 | D:5      | Reached skill level 11 in Short Blades
  5061 | D:5      | Reached XP level 8. HP: 44/44 MP: 8/8
  5293 | D:5      | Reached skill level 12 in Short Blades
  5595 | D:5      | Noticed a two-headed ogre
  5605 | D:5      | Annihilated by a two-headed ogre

Illustrated notes

Levels and vault maps discovered:
D:1:      lightli_arrival_lavapool, layout_basic,
          shapermc_ecumenical_altar_mp_vishouse, minmay_tromino_v4_a
D:2:      layout_basic, serial_shops, shop, st_stairs_1, uniq_natasha
D:3:      layout_basic, kennysheep_generic_room_12, uniq_robin
D:4:      layout_loops_cross, serial_shops, nicolae_shop_waterfront, shop
D:5:      cheibrodos_two_vegetables, layout_cave_pools,
          nicolae_shop_firing_range
D:6:      layout_loops_corners, chequers_temple_overflow_minitemple,
          bloody_makhleb, minmay_temple_entry_arrows,
          hellmonk_ghost_happy_afterlife, minmay_misc_feat_hallway,
          minmay_liquid_box, dreamdust_princess_bridge,
          small_statue_intersection, uniq_duvessa

Skill      XL: |  1  2  3  4  5  6  7  8 |
---------------+-------------------------+-----
Short Blades   | 3 4 5 6 8 9 11 12 | 12.0
Stealth        | 6 |  6.0
Fighting       | |  2.1
Throwing       | |  2.1
Dodging        | |  1.2

Action                   |  1- 3 |  4- 6 |  7- 9 || total
-------------------------+-------+-------+-------++-------
Melee: Dagger            |   114 |   159 |   154 ||   427
       Punch             |       |     2 |     4 ||     6
  Use: Potion            |       |     1 |       ||     1
 Stab: Sleeping          |    12 |    24 |    13 ||    49
       Distracted        |       |       |     1 ||     1
Armor: Robe              |    19 |    21 |    24 ||    64
       Skin              |       |    10 |       ||    10
Dodge: Dodged            |    40 |    59 |    66 ||   165

Table legend: (Time is in decaauts)
 A = Elapsed time spent in this place.
 B = Non-inter-level travel time spent in this place.
 C = Inter-level travel time spent in this place.
 D = Time resting spent in this place.
 E = Time spent auto-exploring this place.
 F = Levels seen in this place.
 G = Mean time per level.
                   A        B        C        D        E       F      G
               +--------+--------+--------+--------+--------+-----+--------+
         Total |   5474 |   5289 |    185 |   1207 |   3386 |   6 |  912.3 |
       Dungeon |   5474 |   5289 |    185 |   1207 |   3386 |   6 |  912.3 |
               +--------+--------+--------+--------+--------+-----+--------+

Top non-repeatable levels by time:
     D:2: 1669 daAuts
     D:1: 1208 daAuts
     D:5: 1030 daAuts
     D:4: 1010 daAuts
     D:3: 422 daAuts
     D:6: 133 daAuts
